 Dungeon Crawl Stone Soup version 0.20-a0-267-g4a7ec2a (webtiles) character file.

57 DarthKuruptios2 the Digger (level 4, -3/24 HPs)
             Began as a Gargoyle Earth Elementalist on Dec 6, 2016.
             Slain by Terence
             ... wielding a +0 short sword
              (7 damage)
             ... on level 1 of the Dungeon.
             The game lasted 00:12:13 (2024 turns).

DarthKuruptios2 the Digger (GrEE)                   Turns: 2024, Time: 00:12:13

Health: -3/24      AC:  5    Str: 12    XL:     4   Next: 0%
Magic:  3/8        EV: 12    Int: 15    God:
Gold:   105        SH:  0    Dex: 11    Spells: 4/8 levels left

rFire  . . .     SeeInvis .     b - 12 stones
rCold  . . .     Gourm    .     c - +0 robe
rNeg   + . .     Faith    .     (no shield)
rPois  ∞         Spirit   .     (no helmet)
rElec  +         Reflect  .     (no cloak)
rCorr  .         Harm     .     (no gloves)
MR     .....     Rnd*Tele +     (no boots)
Stlth  ++........               (no amulet)
                                (no ring)
                                j - ring of teleportation (curse)

@: no status effects
A: negative energy resistance 1, electricity resistance, unbreathing,
petrification resistance, rot immunity, AC +3
a: no special abilities


You were on level 1 of the Dungeon.
You were hungry.

You visited 1 branch of the dungeon, and saw 2 of its levels.

You collected 105 gold pieces.

Inventory:

Hand Weapons
 k - a +0 rapier
Missiles
 b - 12 stones (in hand)
Armour
 c - a +0 robe (worn)
Jewellery
 j - a cursed ring of teleportation (left hand)
Potions
 l - 2 potions of degeneration
Books
 e - a book of Geomancy

   Spells                             Type                      Level
   a - Sandblast                      Earth                        1
   b - Passwall                       Transmutation/Earth          2
   c - Stone Arrow                    Conjuration/Earth            3
   d - Petrify                        Transmutation/Earth          4
   e - Lee's Rapid Deconstruction     Earth                        5
Comestibles
 a - a beef jerky
 d - a bread ration
 h - 2 royal jellies


   Skills:
 + Level 0.1 Short Blades
 + Level 1.9 Dodging
 - Level 2.3 Stealth
 * Level 2.8 Spellcasting
 + Level 0.4 Conjurations
   Level 0.7 Transmutations
 * Level 4.4 Earth Magic


You had 4 spell levels left.
You knew the following spells:

 Your Spells              Type           Power        Failure   Level  Hunger
a - Sandblast             Erth           ###...       3%          1    #......
b - Stone Arrow           Conj/Erth      #.....       24%         3    ###....


Dungeon Overview and Level Annotations

Branches:
Dungeon (2/15)

Altars:

Annotations:
D:1 Terence


Innate Abilities, Weirdness & Mutations

You are resistant to torment.
Your stone body is resilient. (AC +3)
You are immune to poison.
You resist negative energy. (rN+)
You are resistant to electric shocks. (rElec)
You can survive without breathing.
You are immune to petrification.
You are immune to rotting.


Message History

Aim: Terence, wielding a short sword and wearing a chain mail The rocky blast hits Terence.
Terence hits you with a short sword.
* * * LOW HITPOINT WARNING * * *
Casting: Sandblast
Confirm with . or Enter, or press ? or * to list all spells.
Aiming: Stone Arrow
Press: ? - help, Shift-Dir - straight line, f/p - Terence
Aim: Terence, wielding a short sword and wearing a chain mail The stone arrow hits Terence.
Terence is moderately wounded.
Terence hits you with a short sword.
* * * LOW HITPOINT WARNING * * *
Casting: Stone Arrow
Confirm with . or Enter, or press ? or * to list all spells.
You don't have enough magic to cast that spell.
Unknown command.
Okay, then.
Okay, then.
Terence hits you with a short sword!
You die...

# #..# #.######## #(#. # #..#
####.# #.#. #######..#####....#
#.#. ...............##.# ###.#.
.###.....########.##########....#
.# #....## #..............##
.###...## #.##########.##.#
..>÷.#.##########@# #.###.
##.###..........@.# #.###. ##.#
############## #.##.#
##.############## #.#...
##..............# #.....
###############.# ###... # #.#
##.# ### #.# #.# ..# #.# #.# #.#
#.# #.#


You could see Terence.

Vanquished Creatures
  An adder (D:2)
  A worm (D:2)
  3 dart slugs
  2 leopard geckos
  7 bats
  7 hobgoblins
  A jackal (D:2)
  10 kobolds
  A frilled lizard (D:1)
  A goblin (D:2)
  3 rats
37 creatures vanquished.

Notes
Turn   | Place    | Note
-------+----------+-------------------------------------------
     0 | D:1      | DarthKuruptios2 the Gargoyle Earth Elementalist began the quest for the Orb.
     0 | D:1      | Reached XP level 1. HP: 10/10 MP: 3/3
   424 | D:1      | Reached skill level 4 in Earth Magic
   424 | D:1      | Reached XP level 2. HP: 15/15 MP: 3/5
   973 | D:1      | Reached XP level 3. HP: 19/19 MP: 2/6
   985 | D:1      | Learned a level 3 spell: Stone Arrow
  1526 | D:2      | Found a faded altar of an unknown god.
  1916 | D:2      | Noticed Terence
  1921 | D:2      | Reached XP level 4. HP: 24/24 MP: 5/8
  1939 | D:2      | Gained mutation: You are partially covered in icy blue scales. (AC +2) [potion of mutation]
  1939 | D:2      | Gained mutation: You are partially covered in iridescent scales. (AC +2) [potion of mutation]
  1939 | D:2      | Gained mutation: Your magical capacity is low. (-10% MP) [potion of mutation]
  1968 | D:2      | Lost mutation: Your magical capacity is low. (-10% MP) [potion of cure mutation]
  1968 | D:2      | Lost mutation: You are partially covered in iridescent scales. (AC +2) [potion of cure mutation]
  1968 | D:2      | Lost mutation: You are partially covered in icy blue scales. (AC +2) [potion of cure mutation]
  2024 | D:1      | Slain by Terence

Vault maps used:
D:1:      dpeg_arrival_simpleton_a
D:2:      chequers_ecumenical_altar_island, st_stairs_13, uniq_terence

Skill      XL: |  1 |
---------------+----+-----
Earth Magic    | 4 |  4.4
Short Blades   | |  0.1
Dodging        | |  1.9
Stealth        | |  2.3
Spellcasting   | |  2.8
Conjurations   | |  0.4
Transmutations | |  0.7

Action                   |  1- 3 |  4- 6 || total
-------------------------+-------+-------++-------
Melee: Unarmed           |     7 |       ||     7
 Cast: Sandblast         |    54 |    12 ||    66
       Stone Arrow       |     4 |     1 ||     5
  Use: Scroll            |     2 |     1 ||     3
       Potion            |       |     2 ||     2
  Eat: Chunk             |     4 |       ||     4
Armor: Robe              |     6 |     7 ||    13
Dodge: Dodged            |    23 |    11 ||    34
